AoeStats
← 用户1623433

Nomad

504961885Analyzed
4v4 RM · 26d ago on Sep 7, 2026· 45m 24s· 8 players
Game mode
Random Map
Map size
231×231
Population
200
Speed
Normal
Resources
Standard
Victory
Conquest
Starting age
Dark Age
Ending age
Imperial Age
RankedLock teamsTeams togetherTeam positionsShared explorationLock speedFull tech treeHidden civsTurbo modeCheats
Victory
Defeat
🇬🇹 Khmer · Guatemala
1144
+13
🇨🇳 Britons · China
1093
+15
🇩🇪 Dravidians · Germany
1066
+16
🇨🇳 Mongols · China
1025
+17
🇲🇽 Japanese · Mexico
1163
-20
🇲🇽 Malay · Mexico
1046
-14
🇲🇽 Burgundians · Mexico
1045
-14
🇬🇧 Franks · United Kingdom
1020
-13
PeptideEnjoyer
8:31 Loom
15:14 Feudal Age
16:05 Man-at-Arms
18:38 Double-Bit Axe
23:51 Castle Age
24:18 Forging
24:09 Scale Mail Armor
24:46 Medium Warships
26:07 Gambesons
29:26 Long Swordsman
31:03 Squires
30:48 Arson
31:45 Iron Casting
35:45 Chain Mail Armor
37:07 Fletching
40:31 Imperial Age
39:11 Wheelbarrow
38:22 Town Watch
39:36 Horse Collar
40:32 Bow Saw
40:48 Heavy Plow
40:33 Two-Handed Swordsman
41:24 Champion
44:31 Blast Furnace
44:02 Plate Mail Armor
44:55 Wootz Steel
45:01 Conscription
用户1623433
4:32 Loom
12:20 Feudal Age
16:07 Fletching
16:48 Padded Archer Armor
17:33 Gold Mining
18:11 Double-Bit Axe
20:45 Horse Collar
26:30 Castle Age
26:40 Crossbowman
27:20 Bodkin Arrow
27:41 Leather Archer Armor
27:48 Bow Saw
27:09 Pikeman
28:34 Leather Archer Armor
29:40 Heavy Plow
30:19 Gold Shaft Mining
31:38 Gambesons
31:54 Squires
31:40 Arson
37:01 Elite Skirmisher
38:14 Stone Mining
40:38 Wheelbarrow
41:19 Masonry
40:50 Treadmill Crane
44:34 Imperial Age
43:30 Yeomen
43:43 Hand Cart
43:16 Town Watch
43:51 Scale Mail Armor
44:50 Elite Longbowman
kenbar33
10:22 Loom
15:43 Feudal Age
21:28 Castle Age
22:42 Double-Bit Axe
32:26 Bow Saw
32:08 Gold Mining
38:33 Imperial Age
41:52 Gold Shaft Mining
T - T
7:50 Loom
14:21 Feudal Age
18:28 Castle Age
20:16 Bloodlines
22:24 Fishing Lines
24:19 Double-Bit Axe
31:27 Forging
31:24 Scale Barding Armor
33:17 Light Cavalry
40:02 Iron Casting
44:30 Imperial Age
43:02 Chain Barding Armor
43:53 Wheelbarrow
LG_Parzival
13:04 Loom
17:22 Feudal Age
15:53 Double-Bit Axe
16:15 Fishing Lines
16:57 Horse Collar
22:59 Castle Age
21:24 Gillnets
21:51 Bow Saw
21:38 Gold Mining
22:10 Stone Mining
24:34 Wheelbarrow
24:23 Scale Barding Armor
28:15 Burgundian Vineyards
29:27 Gold Shaft Mining
34:00 Hand Cart
33:44 Pikeman
36:40 Scale Mail Armor
40:45 Imperial Age
38:40 Caravan
39:46 Forging
41:38 Two-Man Saw
42:09 Town Watch
43:02 Conscription
43:24 Iron Casting
43:04 Chain Mail Armor
43:25 Sanctity
45:38 Blast Furnace
45:09 Plate Mail Armor
45:07 Block Printing
45:19 Illumination
LG_Mr.Konnik
3:51 Loom
19:39 Feudal Age
19:23 Double-Bit Axe
24:05 Castle Age
28:55 Crossbowman
30:51 Fletching
32:57 Wheelbarrow
33:59 Bow Saw
35:07 Padded Archer Armor
37:24 Forging
42:31 Imperial Age
40:02 Pikeman
41:52 Horse Collar
42:53 Halberdier
43:51 Arbalester
44:34 Bodkin Arrow
Mehaverage
3:37 Loom
13:19 Feudal Age
24:46 Castle Age
30:34 Wheelbarrow
ramirezalex13
5:43 Loom
16:10 Feudal Age
16:38 Double-Bit Axe
23:41 Castle Age
22:06 Fletching
24:43 Bow Saw
24:34 Crossbowman
26:23 Thumb Ring
27:38 Bodkin Arrow
28:49 Gold Mining
32:07 Ballistics
33:08 Gold Shaft Mining
33:05 Fishing Lines
36:59 Imperial Age
34:26 Town Watch
35:29 Medium Warships
39:16 Bracer
40:22 Chemistry
38:46 Arbalester
Connection lost

Rejoining the realm…

Still unreachable

The connection could not be restored.

Session expired

The server has moved on; the page needs a fresh start.